 Dungeon Crawl Stone Soup version 0.29.1-13-g9f3cf754e1 (webtiles) character file.

Game seed: 4196072124743889597

18 DeadRuby the Sneak (level 2, 0/17 HPs)
             Began as a Kobold Brigand on Feb 10, 2023.
             Slain by an endoplasm (1 damage)
             ... on level 1 of the Dungeon.
             The game lasted 00:06:02 (586 turns).

DeadRuby the Sneak (Kobold Brigand)                  Turns: 586, Time: 00:06:03

Health: 0/17       AC:  3    Str:  8    XL:     2   Next: 85%
Magic:  2/2        EV: 14    Int: 12    God:
Gold:   32         SH:  0    Dex: 16    Spells: 1/1 levels left

rFire   . . .      SeeInvis .   a - +2 dagger
rCold   . . .      Faith    .   (no shield)
rNeg    . . .      Spirit   .   b - +0 robe
rPois   .          Reflect  .   (no helmet)
rElec   .          Harm     .   c - +0 cloak
rCorr   .          Rampage  .   (no gloves)
Will    .....                   (no boots)
Stlth   ++++......              (no amulet)
HPRegen 0.05/turn               (no ring)
MPRegen 0.08/turn               (no ring)

@: no status effects
A: small, no large weapons, nightstalker 3
a: no special abilities


You were on level 1 of the Dungeon.
You visited 1 branch of the dungeon, and saw 1 of its levels.

You collected 32 gold pieces.

Inventory:

Hand Weapons
 a - a +2 dagger (weapon)
 g - a +0 dagger
 j - a +0 dagger
 l - a +0 flail
 n - a +0 dagger
 o - a +0 dagger
 q - a +0 whip
Missiles
 d - 9 poisoned darts (quivered)
 e - 3 curare-tipped darts
 k - 2 stones
Armour
 b - a +0 robe (worn)
 c - a +0 cloak (worn)
 i - a +0 chain mail
Scrolls
 m - a scroll of vulnerability {unknown}
Potions
 f - a potion of brilliance {unknown}
 h - a potion of berserk rage {unknown}
 p - a potion of heal wounds {unknown}


   Skills:
 + Level 2.1 Fighting
 + Level 2.9 Short Blades
 + Level 2.3 Throwing
 + Level 1.2 Dodging
 + Level 6.2 Stealth


You had one spell level left.
You didn't know any spells.
Your spell library contained the following spells:

 Spells                   Type           Power      Damage    Failure   Level
 Necrotise                Necr           0%         1d4       32%         1
 Vampiric Draining        Necr           0%         2d6       69%         3
 Agony                    Necr           0%         N/A       100%        5


Dungeon Overview and Level Annotations

Branches:
Dungeon (1/15)

Altars:


Innate Abilities, Weirdness & Mutations

You are small and have problems with some larger weapons.
You are completely attuned to the shadows.


Message History

A dart slug comes into view.
A ball python comes into view.
Found a fuming clear potion.
Found a stone staircase leading down.
The helpless ball python fails to defend itself.
You skewer the ball python like a kebab!!!
You kill the ball python!
p - a fuming clear potion A frilled lizard comes into view.
The frilled lizard hisses angrily.
The frilled lizard closely misses you.
You hit the frilled lizard.
You kill the frilled lizard!
You see here a frilled lizard corpse.
You see here a frilled lizard corpse.
Found a whip.
An endoplasm comes into view.
The endoplasm quivers.
The endoplasm freezes you.
You are frozen.
You see here a +0 whip.
q - a +0 whip The endoplasm freezes you.
You are frozen.
You barely miss the endoplasm. The endoplasm freezes you.
You are frozen.
You hit the endoplasm.
The endoplasm is moderately wounded.
The endoplasm hits you.
* * * LOW HITPOINT WARNING * * *
You hit the endoplasm.
The endoplasm is almost dead.
The endoplasm freezes you.
You are frozen.
* * * LOW HITPOINT WARNING * * *
The endoplasm attacks as you move away! The endoplasm closely misses you.
The endoplasm attacks as you move away! The endoplasm hits you.
* * * LOW HITPOINT WARNING * * *
The endoplasm attacks as you move away! The endoplasm hits you.
You die...

#.##.####.#####
##.##.# #.#
#...#.####.#
#.#.#.......#####..#
.##†##.#...........#
....###..#..####...#
.##.##......####...#
..#.........#......#
.#.#.##....##.##@.##
...........##.##J.#
...........##.##..#
...#####.#.##.##..#
.#.# #.#.##.##..#
.#.### #.#.##.##..#
.....###.#.##.##..#
..............##..#
#.##.......†......#


You could see an endoplasm.

Vanquished Creatures
  2 dart slugs (D:1)
  An endoplasm (D:1)
  3 goblins (D:1)
  A hobgoblin (D:1)
  A quokka (D:1)
  A ball python (D:1)
  2 bats (D:1)
  A frilled lizard (D:1)
  A kobold (D:1)
13 creatures vanquished.

Notes
Turn   | Place    | Note
-------+----------+-------------------------------------------
     0 | D:1      | DeadRuby the Kobold Brigand began the quest for the Orb.
     0 | D:1      | Reached XP level 1. HP: 12/12 MP: 1/1
   221 | D:1      | Reached XP level 2. HP: 6/17 MP: 2/2
   366 | D:1      | Reached skill level 6 in Stealth
   586 | D:1      | Slain by an endoplasm

Illustrated notes

Levels and vault maps discovered:
D:1:      minmay_arrival_four_circles, layout_loops_ring

Skill      XL: |  1  2 |
---------------+-------+-----
Stealth        | 6 |  6.2
Fighting       | |  2.1
Short Blades   | |  2.9
Throwing       | |  2.3
Dodging        | |  1.2

Action                   || total
-------------------------++-------
Melee: Dagger            ||    32
 Stab: Sleeping          ||     6
Armor: Robe              ||     4
Dodge: Dodged            ||    10
